 Dungeon Crawl Stone Soup version 0.30-a0-634-g8abc85282e (webtiles) character file.

Game seed: 12489956612293767613

8876 Leeroy the Nimble (level 11, -3/57 HPs)
             Began as a Tengu Warper on Jan 14, 2023.
             Was the Champion of Uskayaw.
             Slain by a yak (10 damage)
             ... on level 10 of the Dungeon.
             The game lasted 00:22:49 (9586 turns).

Leeroy the Nimble (Tengu Warper)                    Turns: 9586, Time: 00:22:49

Health: -3/57      AC:  7    Str: 11    XL:     11   Next: 37%
Magic:  7/15       EV: 31    Int: 14    God:    Uskayaw [******]
Gold:   373        SH:  0    Dex: 20    Spells: 9/14 levels left

rFire   . . .      SeeInvis .    x - +3 great sword
rCold   . . .      Faith    .    (shield currently unavailable)
rNeg    . . .      Spirit   .    b - +0 leather armour
rPois   +          Reflect  .    (helmet restricted)
rElec   .          Harm     .    y - +1 cloak
rCorr   .          Rampage  .    (no gloves)
Will    .....                    (boots unavailable)
Stlth   ++                       (no amulet)
HPRegen 0.29/turn                u - +5 ring of evasion
MPRegen 0.14/turn                F - ring of poison resistance

@: flying quickly and evasively, quick
A: beak, talons 3, nimble flight, claws 1, iridescent scales 1, thin skeletal
structure 1
a: Renounce Religion, Stomp, Line Pass, Grand Finale


You were on level 10 of the Dungeon.
You worshipped Uskayaw.
Uskayaw was noncommittal.
You visited 2 branches of the dungeon, and saw 11 of its levels.
You also visited: Ossuary.

You collected 623 gold pieces.
You spent 250 gold pieces at shops.

Inventory:

Hand Weapons
 c - a +2 long sword of protection
 t - a +2 short sword of venom
 x - a +3 great sword (weapon)
 J - a +3 scimitar
 L - a +1 heavy scimitar
 M - a +1 falchion of holy wrath
Missiles
 d - 7 boomerangs of dispersal
 j - a throwing net
 V - 3 silver javelins
Armour
 b - a +0 leather armour (worn)
 y - a +1 cloak (worn)
 G - an orb of mayhem
Jewellery
 e - a ring of protection from cold
 l - a +6 ring of strength
 q - a +6 ring of strength
 u - a +5 ring of evasion (left claw)
 v - a ring of ice
 C - a ring of fire
 D - a ring of positive energy
 F - a ring of poison resistance (right claw)
 I - a ring of positive energy
 X - a ring of see invisible
Wands
 m - a wand of flame (38) (quivered)
 N - a wand of mindburst (12)
 O - a wand of charming (4)
 Q - a wand of light (2)
Scrolls
 a - a scroll of silence
 g - 2 scrolls of enchant weapon
 h - 2 scrolls of teleportation
 i - a scroll of poison
 k - 2 scrolls of fog
 o - a scroll of fear
 r - 2 scrolls of immolation
 s - 5 scrolls of vulnerability
 w - 7 scrolls of magic mapping
 B - 3 scrolls of enchant armour
 K - 2 scrolls of torment
 T - a scroll of brand weapon
 Y - 2 scrolls of amnesia
Potions
 f - 2 potions of might
 n - 5 potions of curing
 p - 2 potions of brilliance
 z - 2 potions of berserk rage
 A - a potion of ambrosia
 E - 3 potions of attraction {unknown}
 H - 2 potions of lignification {unknown}
 P - a potion of flight {unknown}
 R - 3 potions of haste {unknown}
 S - a potion of heal wounds {unknown}
 U - 2 potions of cancellation {unknown}
 W - a potion of magic {unknown}
 Z - 2 potions of mutation


   Skills:
 - Level 2.0 Fighting
 - Level 9.1 Long Blades
 - Level 1.0 Throwing
 - Level 1.1 Armour
 + Level 14.5 Dodging
 - Level 2.0 Spellcasting
 - Level 2.4 Translocations
 - Level 8.4 Air Magic
 - Level 3.9 Invocations


You had 9 spell levels left.
You knew the following spells:

 Your Spells              Type           Power      Damage    Failure   Level
a - Blink                 Tloc           16%        N/A       19%         2
b - Vhi's Electric Charg  Tloc/Air       32%        N/A       10%         3

Your spell library contained the following spells:

 Spells                   Type           Power      Damage    Failure   Level
 Swiftness                Air            25%        N/A       3%          3
 Shock                    Conj/Air       52%        1d6       5%          1
 Poisonous Vapours        Pois/Air       26%        N/A       9%          2
 Airstrike                Air            12%        2d(2-18)  10%         4
 Cigotuvi's Dreadful Rot  Necr/Pois/Air  18%        N/A       16%         2
 Kindle Blastsparks       Fire/Tloc/Air  22%        2d11      22%         3
 Sandblast                Erth           2%         2d4       30%         1
 Slow                     Hex            4%         N/A       30%         1
 Mephitic Cloud           Conj/Pois/Air  9%         N/A       30%         3
 Lesser Beckoning         Tloc           16%        N/A       34%         3
 Teleport Other           Tloc           8%         N/A       34%         3
 Passwall                 Tmut/Erth      0%         N/A       43%         2
 Confusing Touch          Hex            1%         N/A       67%         3
 Stone Arrow              Conj/Erth      2%         3d7       67%         3
 Vampiric Draining        Necr           1%         2d6       67%         3
 Manifold Assault         Tloc           8%         N/A       75%         4
 Iskenderun's Mystic Bla  Conj/Tloc      4%         2d3       88%         4
 Fulminant Prism          Conj/Hex       0%         3d5       97%         4
 Lee's Rapid Deconstruct  Erth           0%         3d4*      100%        5


Dungeon Overview and Level Annotations

Branches:
Dungeon (10/15)            Temple (1/1) D:5            Lair (0/5) D:9
    Orc (0/2) D:10        Ossuary (visited)

Altars:
Ashenzari
Cheibriados
Dithmenos
Elyvilon
Fedhas
Gozag
Hepliaklqana
Kikubaaqudgha
Makhleb
Nemelex Xobeh
Okawaru
Qazlal
Ru
Sif Muna
Trog
Uskayaw
Vehumet
Wu Jian
Xom
Yredelemnul
Zin
The Shining One

Shops:
D:5 *   D:6 **   D:10 [


Innate Abilities, Weirdness & Mutations

You have a beak for a mouth.
You have claws for feet.
Your magical nature lets you fly swiftly and evasively.
You have sharp fingernails.
You are partially covered in iridescent scales. (AC +2)
You have a somewhat thin skeletal structure. (Dex +2, Stealth+)


Message History

You slice the yak!!
You kill the yak!
You hit the yak.
The yak is lightly wounded.
The yak misses you. The yak barely misses you.
Okay, then.
Okay, then.
You barely miss the yak. Your kick misses the yak.
The yak is lightly wounded.
The yak completely misses you.
You hit the yak but do no damage. You peck the yak, but do no damage.
The yak is lightly wounded.
The yak completely misses you.
You hit the yak. You peck the yak, but do no damage.
The yak is moderately wounded.
The yak gores you!
* * * LOW HITPOINT WARNING * * *
Uskayaw prepares the audience for your solo!
The helpless yak fails to defend itself.
You hit the yak. You claw the yak, but do no damage.
The yak is moderately wounded.
The yak is no longer paralysed. x2; The yak completely misses you. x2
Unknown command.
You stomp with the beat, sending a shockwave through the revellers around you!
The yak is heavily wounded.
The yak closely misses you.
You slice the yak!!
You kill the yak!
The yak snorts and paws the ground.
You stomp with the beat, sending a shockwave through the revellers around you!
The yak is moderately wounded.
The yak completely misses you.
You stomp with the beat, sending a shockwave through the revellers around you!
The yak is heavily wounded.
The yak gores you!
* * * LOW HITPOINT WARNING * * *
You slash the yak! You claw the yak, but do no damage.
The yak is severely wounded.
The yak gores you!
You die...

##.../.YYY.Y....
#......y.YY.....
##..†.?##..Y....
##†##.###>.....
#††...# #.....
#†##.># #...#
#.#...# #+##
#Y#.#.# #.#
#.@)..# #.####
###)### ##....
#)# ##..)## ##.##
#.....###
#...####.).....#
#........#)###...
#...######.#
##### #)# #.####


You could see a yak.

Vanquished Creatures
  2 deep elf pyromancers
  A hornet (D:9)
  A slime creature (D:9)
  A wyvern (D:7)
  10 yaks (D:10)
  Grum (D:10)
  A vampire mosquito (D:7)
  A steam dragon (D:9)
  An acid dragon (D:7)
  4 water moccasins
  A swamp drake (D:10)
  3 orc warriors (D:10)
  3 black bears
  2 sky beasts (D:7)
  3 wolves (D:9)
  2 ogres (D:6)
  5 centaurs
  An elf zombie (D:7)
  6 bullfrogs
  5 kobold brigands
  Blork the orc (D:5)
  2 gnoll sergeants
  3 necrophages
  2 scorpions
  2 elf skeletons (D:7)
  4 water moccasin zombies (Ossuary)
  3 wights (D:9)
  9 killer bees
  6 howler monkeys
  9 hounds
  An orc priest (D:10)
  2 jellies
  A gnoll bouda (D:7)
  Jessica (D:2)
  2 human skeletons (D:7)
  Natasha (twice) (D:2)
  8 orc wizards
  3 hound skeletons (D:3)
  2 mummies (Ossuary)
  13 gnolls
  8 adders
  A shadow imp (D:7)
  A white imp (D:6)
  8 adder zombies
  2 worms
  The ghost of Ge0ff the Sneak, a weakling GrDe (D:6)
  5 dart slugs
  29 orcs
  3 ball pythons
  4 bats
  6 endoplasms
  A giant cockroach (D:2)
  6 goblins
  10 hobgoblins
  3 jackals (D:3)
  17 kobolds
  5 quokkas
  3 frilled lizards
  2 gnoll zombies (Ossuary)
  3 hobgoblin zombies (Ossuary)
  3 kobold zombies (Ossuary)
  An orc skeleton (D:7)
  3 orc zombies (Ossuary)
  A quokka skeleton (D:3)
  6 rats
262 creatures vanquished.

Vanquished Creatures (collateral kills)
  An orc priest (D:4)
  An orc (D:4)
2 creatures vanquished.

Vanquished Creatures (others)
  An orc (D:5)
  4 toadstools (D:1)
5 creatures vanquished.

Grand Total: 269 creatures vanquished

Notes
Turn   | Place    | Note
-------+----------+-------------------------------------------
     0 | D:1      | Leeroy the Tengu Warper began the quest for the Orb.
     0 | D:1      | Reached XP level 1. HP: 12/12 MP: 4/4
    66 | D:1      | Reached XP level 2. HP: 16/17 MP: 6/6
   152 | D:1      | Found a faded altar of an unknown god.
   429 | D:1      | Reached XP level 3. HP: 21/21 MP: 7/7
  1014 | D:2      | Reached skill level 1 in Air Magic
  1014 | D:2      | Gained mutation: You have sharp fingernails. [potion of
                  | mutation]
  1014 | D:2      | Gained mutation: You are partially covered in iridescent
                  | scales. (AC +2) [potion of mutation]
  1014 | D:2      | Gained mutation: You have a somewhat thin skeletal
                  | structure. (Dex +2, Stealth+) [potion of mutation]
  1126 | D:2      | Noticed Natasha
  1133 | D:2      | Killed Natasha
  1134 | D:2      | Reached XP level 4. HP: 19/26 MP: 8/8
  1358 | D:2      | Noticed Jessica
  1363 | D:2      | Learned a level 2 spell: Blink
  1367 | D:2      | Learned a level 3 spell: Vhi's Electric Charge
  1371 | D:2      | Killed Jessica
  1381 | D:2      | Noticed Natasha
  1386 | D:2      | Killed Natasha
  1387 | D:2      | Reached skill level 3 in Dodging
  1387 | D:2      | Gained mutation: Your magical nature lets you fly swiftly
                  | and evasively. [Tengu growth]
  1387 | D:2      | Reached XP level 5. HP: 27/30 MP: 3/9
  2226 | D:4      | Reached XP level 6. HP: 29/35 MP: 10/10
  2231 | D:4      | Reached skill level 5 in Air Magic
  2449 | D:4      | Reached skill level 4 in Dodging
  2790 | D:4      | Reached XP level 7. HP: 40/40 MP: 11/11
  2929 | D:5      | Entered Level 5 of the Dungeon
  2929 | D:5      | Found Uzionee's General Store.
  2943 | D:5      | Bought a scroll of identify for 22 gold pieces
  2975 | D:5      | Reached skill level 5 in Dodging
  3156 | D:5      | Found a staircase to the Ecumenical Temple.
  3175 | Temple   | Entered the Ecumenical Temple
  3195 | Temple   | Became a worshipper of Uskayaw the Reveller
  3452 | D:5      | Reached * piety under Uskayaw
  3461 | D:5      | Reached ** piety under Uskayaw
  3468 | D:5      | Noticed Blork the orc
  3468 | D:5      | Reached *** piety under Uskayaw
  3474 | D:5      | Reached **** piety under Uskayaw
  3477 | D:5      | Killed Blork the orc
  3741 | D:5      | Reached skill level 6 in Dodging
  3741 | D:5      | Reached XP level 8. HP: 19/44 MP: 12/12
  4234 | D:6      | Found a runed translucent door.
  4234 | D:6      | Noticed Ge0ff's ghost (weakling GrDe)
  4315 | D:6      | Reached skill level 7 in Dodging
  4315 | D:6      | Reached skill level 1 in Invocations
  4787 | D:6      | Reached skill level 8 in Dodging
  4836 | D:6      | Found Oguuzur's Specific Store.
  4838 | D:6      | Found Ulua's General Store.
  5203 | D:6      | Killed Ge0ff's ghost
  5287 | D:7      | Reached XP level 9. HP: 23/48 MP: 13/13
  5524 | D:7      | Reached skill level 9 in Dodging
  5591 | D:7      | Found a sand-covered staircase.
  5602 | Ossuary  | Entered an ossuary
  5908 | D:7      | Noticed a boulder beetle
  5927 | D:7      | Reached skill level 5 in Long Blades
  5927 | D:7      | Reached skill level 10 in Dodging
  5939 | D:7      | Noticed a deep elf pyromancer
  6202 | D:7      | Found an iron altar of Okawaru.
  6393 | D:7      | Killed a deep elf pyromancer
  6394 | D:7      | Reached XP level 10. HP: 6/53 MP: 11/14
  6632 | D:7      | Reached skill level 11 in Dodging
  6825 | D:7      | Found a snail-covered altar of Cheibriados.
  6836 | D:7      | Found a broken altar of Ashenzari.
  7779 | D:9      | Found a staircase to the Lair.
  7796 | D:9      | HP: 2/53 [slime creature (15)]
  7797 | D:9      | Noticed a deep elf pyromancer
  7802 | D:9      | Reached skill level 12 in Dodging
  7976 | D:9      | Killed a deep elf pyromancer
  8621 | D:9      | Found a shimmering blue altar of Sif Muna.
  8672 | D:10     | Entered Level 10 of the Dungeon
  8674 | D:10     | Noticed Grum
  8698 | D:9      | Reached skill level 13 in Dodging
  8698 | D:9      | Reached XP level 11. HP: 57/57 MP: 15/15
  8803 | D:10     | Killed Grum
  8850 | D:10     | Found Guzewov's Antique Armour Boutique.
  8853 | D:10     | Bought a faintly humming buckler for 228 gold pieces
  8853 | D:10     | Identified the +1 buckler "Raghi" {rPois Will- Regen+
                  | Dex-3} (You bought it in a shop on level 10 of the Dungeon)
  8979 | D:10     | Found a staircase to the Orcish Mines.
  9557 | D:10     | Reached ***** piety under Uskayaw
  9561 | D:10     | Reached skill level 14 in Dodging
  9567 | D:10     | Reached ****** piety under Uskayaw
  9586 | D:10     | Slain by a yak

Illustrated notes

Levels and vault maps discovered:
D:1:      ldierk_walled_garden_2, layout_basic, basic_ecumenical_altar
D:2:      layout_loops_corners, uniq_natasha, uniq_jessica
D:3:      layout_rooms, serial_undead, serial_undead_e, serial_undead_a,
          serial_undead_e, serial_undead_f
D:4:      layout_loops_ring, grunt_decor_clamped
D:5:      layout_cave_pools, minmay_temple_entry_nine_rooms, serial_shops,
          nicolae_shop_crystal, hangedman_abyss_or_decor_passed,
          uniq_blork_the_orc
D:6:      layout_basic, hellmonk_ghost_happy_afterlife, nicolae_specific_store
D:7:      minmay_the_grid_four_pointed_star
          [minmay_the_grid_triangle_9x9_limited_checkers,
          minmay_the_grid_triangle_9x9_flanged_cone,
          minmay_the_grid_triangle_9x9_corruption,
          minmay_the_grid_triangle_9x9_swiss_cheese,
          minmay_the_grid_prize_big_room], layout_loops_corners,
          amethyst_overflow_temple_binary, okawaru_gym_becter,
          nicolae_ossuary_entry_catacombs, amcnicky_mini_rare_corridor_liquid
D:8:      layout_cave_pools, onia_ninara_dug_in_and_dangerous
D:9:      layout_big_octagon, led_sif_pool, lair_entry_dummy, minmay_checkerbox
D:10:     layout_loops_corners, erik_orc_1, serial_shops, shop, uniq_harold,
          uniq_maggie, uniq_grum
Temple:   nicolae_temple_bog_church

Skill      XL: |  1  2  3  4  5  6  7  8  9 10 11 |
---------------+----------------------------------+-----
Long Blades    | 3 4 6 9 |  9.1
Air Magic      | 2 3 4 6 7 8 |  8.4
Dodging        | 3 4 6 8 10 13 14 | 14.5
Invocations    | 3 |  3.9
Fighting       | |  2.0
Throwing       | |  1.0
Armour         | |  1.1
Spellcasting   | |  2.0
Translocations | |  2.4

Action                   |  1- 3 |  4- 6 |  7- 9 | 10-12 || total
-------------------------+-------+-------+-------+-------++-------
Melee: Falchion          |    61 |       |   142 |    53 ||   256
       Peck              |     5 |    21 |    76 |    57 ||   159
       Kick              |    10 |    39 |   101 |   109 ||   259
       Short sword       |    18 |   112 |   171 |   174 ||   475
       Punch             |       |     1 |     1 |     4 ||     6
       Great sword       |       |       |       |   110 ||   110
 Cast: Vhi's Electric Ch |       |     3 |     6 |    17 ||    26
       Blink             |       |       |     3 |     3 ||     6
Invok: Stomp             |       |       |       |     3 ||     3
Evoke: Wand              |       |       |       |     2 ||     2
  Use: Potion            |     3 |       |     1 |     1 ||     5
       Scroll            |       |       |    13 |     8 ||    21
 Stab: Sleeping          |     3 |     7 |    11 |     2 ||    23
       Paralysed         |       |       |    10 |    17 ||    27
       Invisible         |       |       |       |     1 ||     1
Armor: Leather armour    |    25 |    19 |    69 |    28 ||   141
Dodge: Dodged            |    43 |    72 |   308 |   372 ||   795

Table legend: (Time is in decaauts)
 A = Elapsed time spent in this place.
 B = Non-inter-level travel time spent in this place.
 C = Inter-level travel time spent in this place.
 D = Time resting spent in this place.
 E = Time spent auto-exploring this place.
 F = Levels seen in this place.
 G = Mean time per level.
                   A        B        C        D        E       F      G
               +--------+--------+--------+--------+--------+-----+--------+
         Total |   9072 |   8811 |    261 |   1008 |   5772 |  12 |  756.0 |
       Dungeon |   8722 |   8483 |    239 |   1008 |   5561 |  10 |  872.2 |
        Temple |    166 |    145 |     21 |      0 |    124 |   1 |  166.0 |
       Ossuary |    182 |    182 |      0 |      0 |     86 |   1 |  182.0 |
               +--------+--------+--------+--------+--------+-----+--------+

Top non-repeatable levels by time:
     D:7: 1290 daAuts
     D:9: 1146 daAuts
     D:6: 1113 daAuts
     D:2: 1112 daAuts
     D:5: 919 daAuts
     D:4: 857 daAuts
    D:10: 793 daAuts
     D:1: 559 daAuts
     D:8: 525 daAuts
     D:3: 405 daAuts
 Ossuary: 182 daAuts
  Temple: 166 daAuts
